 Dungeon Sprint DCSS version 0.24-a0-545-gd1b266b (webtiles) character file.

Game seed: 10567790075726288019

210 Faca the Cleaver (level 6, -12/57 HPs)
             Began as a Formicid Fighter on Aug 18, 2019.
             Was a Priest of Uskayaw.
             Mangled by a deep elf knight
             ... wielding a +0 long sword
              (14 damage)
             ... in the Dungeon (Sprint V: "Ziggurat Sprint").
             The game lasted 00:02:57 (335 turns).

Faca the Cleaver (Formicid Fighter)                  Turns: 335, Time: 00:02:58

Health: -12/57     AC: 16    Str: 23    XL:     6   Next: 12%
Magic:  6/6        EV:  6    Int:  7    God:    Uskayaw [***...]
Gold:   0          SH: 12    Dex: 10    Spells: 5/5 levels left

rFire    . . .     SeeInvis +   K - +5 broad axe
rCold    . . .     Gourm    .   p - +3 shield
rNeg     . . .     Faith    .   n - +5 storm dragon scales
rPois    .         Spirit   .   (helmet unavailable)
rElec    +         Reflect  .   (no cloak)
rCorr    .         Harm     .   (no gloves)
MR       .....                  (no boots)
Stlth    ..........             (no amulet)
HPRegen  0.19/turn              (no ring)
MPRegen  0.10/turn              (no ring)

@: no status effects
A: permanent stasis, dig shafts and tunnels, four strong arms, antennae 3
a: Dig, Stomp, Line Pass, Renounce Religion


You were in the Dungeon.
You worshipped Uskayaw.
Uskayaw was noncommittal.
You were not hungry.

You visited 1 branch

Inventory:

Hand Weapons
 a - a +2 dire flail of pain
 J - a +5 battleaxe
 K - a +5 broad axe (weapon)
 L - a +5 executioner's axe
Armour
 l - +5 gold dragon scales
 m - a +5 plate armour
 n - +5 storm dragon scales (worn)
 o - a +3 large shield
 p - a +3 shield (worn)
Jewellery
 r - an uncursed ring of flight
 s - a +6 ring of dexterity
 t - a +6 ring of dexterity
 u - a +6 ring of intelligence
 v - a +6 ring of intelligence
 w - a +6 ring of strength
 x - a +6 ring of strength
Wands
 b - a wand of disintegration (7)
 c - a wand of iceblast (7)
 q - a wand of acid (7)
Scrolls
 k - 4 scrolls of blinking
 y - 4 scrolls of amnesia
 z - 7 scrolls of fog
 A - a scroll of holy word
 B - 5 scrolls of identify
 C - 5 scrolls of remove curse
 D - 2 scrolls of fear
Potions
 d - 6 potions of might
 e - 10 potions of curing
 g - 10 potions of heal wounds
 h - 6 potions of haste
 i - 7 potions of magic
 j - 3 potions of berserk rage
 E - 2 potions of brilliance
 F - 2 potions of invisibility
 G - 4 potions of resistance
 I - 5 potions of agility
Comestibles
 f - 7 rations


   Skills:
 + Level 8.3 Fighting
 + Level 10.3 Axes
 - Level 3.2 Armour
 - Level 3.6 Shields


You had 5 spell levels left.
You didn't know any spells.
Your spell library was empty.

Dungeon Overview and Level Annotations

Branches:
Dungeon (1/1)

Altars:
Ashenzari
Cheibriados
Dithmenos
Elyvilon
Fedhas
Gozag
Hepliaklqana
Kikubaaqudgha
Makhleb
Nemelex Xobeh
Okawaru
Qazlal
Ru
Sif Muna
Trog
Uskayaw
Vehumet
Wu Jian
Xom
Yredelemnul
Zin
The Shining One
Beogh
Jiyva
Lugonu

Annotations:
D 1 transporter


Innate Abilities, Weirdness & Mutations

You cannot be hasted, slowed, berserked, paralysed or teleported.
You can dig through walls and to a lower floor.
Your four strong arms can wield two-handed weapons with a shield.
You have a pair of large antennae on your head. (SInv)


Message History

The deep elf mage mumbles some strange words.
The deep elf mage blinks!
Uskayaw will force your foes to helplessly watch your dance.
Uskayaw prepares the audience for your solo!
The helpless deep elf knight fails to defend itself.
You slice the deep elf knight!!
The deep elf knight is severely wounded.
The helpless fire elemental fails to defend itself.
You hit the fire elemental.
The fire elemental is no longer paralysed.
The deep elf archer is no longer paralysed.
The deep elf mage is no longer paralysed.
The deep elf knight is no longer paralysed.
The deep elf knight hits you with a +0 long sword.
* * * LOW HITPOINT WARNING * * *
You block the fire elemental's attack.
The deep elf archer blinks!
The deep elf mage casts a spell.
The deep elf mage blinks!
The deep elf knight hits you with a +0 long sword!
You die...

▓▓▓▓▓▓▓▓▓▓▓▓▓▓▓▓▓▓▓
▓.8©8.▓.8©8.▓.8©8.▓
▓.=:e§▓.|.:.▓..)..▓
▓§.|..▓.....▓.:.[.▓
▓..§.e▓.....▓.....▓
▓.Ee..▓.....▓.....▓
▓..@..▓.....▓..©..▓
▓..©..▓..©..▓▓▓▓▓▓▓
▓▓▓▓▓▓▓▓▓▓▓▓▓ {{{
{{{ { { {


You could see a deep elf archer, a deep elf knight, a deep elf mage and a fire
elemental.

Vanquished Creatures
  A slime creature (D)
  2 ufetubi (D)
  2 oozes (D)
5 creatures vanquished.

Notes
Turn   | Place    | Note
-------+----------+-------------------------------------------
     0 | D        | Faca the Formicid Fighter began the quest for the Orb.
     0 | D        | Reached XP level 1. HP: 18/18 MP: 1/1
     3 | D        | Found a blossoming altar of Fedhas.
     4 | D        | Found the +6 Majin-Bo {vamp, Archmagi MP+6 Int+6}
     4 | D        | Found the +7 great mace "Firestarter" {inner flame, rF++}
    59 | D        | Found a bloodstained altar of Trog.
    59 | D        | Found a shimmering blue altar of Sif Muna.
    59 | D        | Found a sacrificial altar of Ru.
    59 | D        | Found a stormy altar of Qazlal.
    66 | D        | Became a worshipper of Uskayaw the Reveler
    68 | D        | Found an iron altar of Okawaru.
    70 | D        | Found a sparkling altar of Nemelex Xobeh.
    72 | D        | Found a corrupted altar of Lugonu.
    72 | D        | Found an ancient bone altar of Kikubaaqudgha.
    72 | D        | Found a burning altar of Makhleb.
    72 | D        | Found a transporter.
    72 | D        | Found a viscous altar of Jiyva.
    72 | D        | Found a hazy altar of Hepliaklqana.
    77 | D        | Found an opulent altar of Gozag.
    91 | D        | Found the +6 shillelagh "Devastator" {shatter}
    91 | D        | Found the +11 plutonium sword {*Contam Stlth-}
    91 | D        | Found the +8 lance "Wyrmbane" {slay drac, rPois rF+ rC+
                  | AC+3}
    91 | D        | Found the +9 sword of Zonguldrok {reap}
    91 | D        | Found the cursed +13 scythe of Curses {drain, *Curse}
    91 | D        | Found the +0 sword of Power
    91 | D        | Found the +7 mace of Variability {chain chaos}
    91 | D        | Found the +7 Singing Sword {slice, sonic wave}
    91 | D        | Found the +8 storm bow {elec, penet}
    92 | D        | Found the +9 heavy crossbow "Sniper" {velocity, Acc+∞ SInv}
    92 | D        | Found the +10 dark maul {crush}
    92 | D        | Found the +15 Maxwell's patent armour {-Cast -Tele rElec
                  | MR+ rCorr}
    92 | D        | Found the +18 shield of the Gong {rElec rN+ MR+ EV-5}
    92 | D        | Found the cursed +14 obsidian axe {chop, +Fly SInv *Curse}
   106 | D        | Reached skill level 7 in Axes
   106 | D        | Reached XP level 2. HP: 24/24 MP: 2/2
   112 | D        | Entered arena 2.
   112 | D        | Found a transporter.
   115 | D        | Reached * piety under Uskayaw
   130 | D        | Entered arena 3.
   130 | D        | Noticed a slime creature
   130 | D        | Found a transporter.
   134 | D        | Reached skill level 8 in Axes
   134 | D        | Reached XP level 3. HP: 30/30 MP: 3/3
   135 | D        | Reached ** piety under Uskayaw
   136 | D        | Reached *** piety under Uskayaw
   139 | D        | Reached **** piety under Uskayaw
   140 | D        | Killed a slime creature
   140 | D        | Reached skill level 10 in Axes
   140 | D        | Reached XP level 4. HP: 17/45 MP: 4/4
   140 | D        | Reached XP level 5. HP: 19/50 MP: 5/5
   140 | D        | Reached XP level 6. HP: 22/57 MP: 6/6
   328 | D        | Entered arena 4.
   328 | D        | Noticed a fire elemental
   328 | D        | Noticed a deep elf archer
   328 | D        | Noticed a deep elf mage
   328 | D        | Noticed a deep elf knight
   328 | D        | Found a transporter.
   335 | D        | HP: 2/57 [deep elf knight/+0 long sword (3)]
   335 | D        | Mangled by a deep elf knight

Levels and vault maps discovered:
D:        sprint_v [room_start, room_1, room_2, room_3, room_4, room_5, room_6,
          room_7, room_8, room_9, room_10, room_11, room_12, room_13, room_14,
          room_15, room_16, room_17, room_18, room_19, room_20, room_21,
          room_22, room_23, room_24, room_25, room_26, room_27]

Skill      XL: |  1  2  3 |
---------------+----------+-----
Axes           | 7 8 10 | 10.3
Fighting       | 4 8 |  8.3
Armour         | |  3.2
Shields        | |  3.6

Action                   |  1- 3 |  4- 6 || total
-------------------------+-------+-------++-------
Melee: War axe           |     6 |       ||     6
       Broad axe         |     7 |     6 ||    13
  Use: Potion            |     1 |       ||     1
 Stab: Paralysed         |     1 |     2 ||     3
Armor: Storm dragon scal |    16 |     5 ||    21
Dodge: Dodged            |     8 |       ||     8
Block: Shield            |    21 |     9 ||    30

Table legend:
 A = Non-vault XP
 B = Vault XP
 C = Vault XP percentage of total XP
 D = Non-vault monster count
 E = Vault monster count
 F = Vault count percentage of total count
                 A         B        C        D         E       F
            +---------+---------+-------+---------+---------+-------
      Total |       0 |     292 | 100.0 |       0 |       5 | 100.0
            +---------+---------+-------+---------+---------+-------
          D |       0 |     292 | 100.0 |       0 |       5 | 100.0
            +---------+---------+-------+---------+---------+-------
